 Dungeon Crawl Stone Soup version 0.27-a0-1184-ge86db4a01e (webtiles) character file.

Game seed: 666357690073263288

42 porpoise the Conjurer (level 3, 0/21 HPs)
             Began as an Octopode Conjurer on May 19, 2021.
             Slain by Ijyb
             ... wielding a +3 dagger of freezing
              (5 damage)
             ... on level 3 of the Dungeon.
             The game lasted 00:04:01 (1492 turns).

porpoise the Conjurer (Octopode Conjurer)           Turns: 1492, Time: 00:04:03

Health: 0/21       AC:  1    Str:  6    XL:     3   Next: 54%
Magic:  0/7        EV: 13    Int: 21    God:
Gold:   29         SH:  0    Dex: 10    Spells: 4/7 levels left

rFire    . . .     SeeInvis .   b - +0 shortbow
rCold    . . .     Faith    .   (shield currently unavailable)
rNeg     . . .     Spirit   .   (helmet restricted)
rPois    .         Reflect  .   (no amulet)
rElec    .         Harm     .   (no ring)
rCorr    .         Rampage  .   (no ring)
Will     .....                  (no ring)
Stlth    +++.......             (no ring)
HPRegen  0.07/turn              (no ring)
MPRegen  0.10/turn              (no ring)
                                (no ring)
                                (no ring)

@: no status effects
A: almost no armour, amphibious, 8 rings, camouflage 1, gelatinous body 1,
(nimble swimmer 1), tentacles
a: no special abilities


You were on level 3 of the Dungeon.
You visited 1 branch of the dungeon, and saw 3 of its levels.

You collected 29 gold pieces.

Inventory:

Hand Weapons
 a - a +0 dagger of speed
 b - a +0 shortbow (weapon)
Missiles
 c - 69 stones
 m - 16 arrows (quivered ammo)
Scrolls
 e - a scroll of teleportation {unknown}
 f - a scroll of fog {unknown}
 h - 2 scrolls of identify {unknown}
 i - a scroll of noise {unknown}
 k - a scroll of blinking {unknown}
Potions
 d - 2 potions of curing {unknown}
 g - a potion of might {unknown}
 j - a potion of ambrosia {unknown}
 l - a potion of degeneration {unknown}


   Skills:
 - Level 2.0 Dodging
 + Level 3.4 Stealth
 * Level 2.7 Spellcasting
 * Level 4.5 Conjurations


You had 4 spell levels left.
You knew the following spells:

 Your Spells              Type           Power      Damage    Failure   Level
a - Magic Dart            Conj           84%        1d7       2%          1
b - Searing Ray           Conj           42%        3d4       3%          2

Your spell library contained the following spells:

 Spells                   Type           Power      Damage    Failure   Level
 Dazzling Flash           Conj/Hex       24%        N/A       16%         3
 Fulminant Prism          Conj/Hex       6%         3d7       47%         4
 Iskenderun's Mystic Bla  Conj/Tloc      12%        2d5       47%         4


Dungeon Overview and Level Annotations

Branches:
Dungeon (3/15)

Altars:

Annotations:
D:3 Ijyb


Innate Abilities, Weirdness & Mutations

You cannot wear most types of armour.
You are amphibious.
You can wear up to eight rings at the same time.
Your skin changes colour to match your surroundings (Stealth+).
Your rubbery body absorbs attacks. (AC +1, EV +1)
((You are camouflaged near water. (Stealth+)))
You have tentacles for arms and can constrict up to eight enemies at once.


Message History

There is a stone staircase leading down here.
You climb downwards.
A kobold and Ijyb come into view.
Ijyb is wielding a +3 dagger of freezing and carrying a wand of acid (2).
Found 19 bolts.
There is a stone staircase leading up here.
Casting: Searing Ray (safe; 3% risk of failure)
Confirm with . or Enter, or press ? or * to list all spells.
Aiming: Searing Ray (safe; 3% risk of failure)
Press: ? - help, Shift-Dir - straight line, f - Ijyb
Aim: Ijyb, wielding a +3 dagger of freezing, wearing a +0 scale mail and carrying a wand of acid (2) (asleep, 100% to hit)
The searing ray hits Ijyb.
Ijyb is lightly wounded.
Ijyb shouts! (Press . to maintain the ray.)
The searing ray hits Ijyb but does no damage.
Ijyb is lightly wounded.
The searing ray hits Ijyb.
Ijyb is lightly wounded.
Ijyb zaps a wand.
The bolt of acid misses you.
The searing ray hits Ijyb.
Ijyb is moderately wounded.
You finish channeling your searing ray.
Ijyb hits you with a +3 dagger of freezing.
Ijyb freezes you.
Casting: Searing Ray (safe; 3% risk of failure)
Confirm with . or Enter, or press ? or * to list all spells.
Aiming: Searing Ray (safe; 3% risk of failure)
Press: ? - help, Shift-Dir - straight line, f/p - Ijyb
Aim: Ijyb, wielding a +3 dagger of freezing, wearing a +0 scale mail and carrying a wand of acid (1) (moderately wounded, 75% to hit)
The searing ray hits Ijyb.
Ijyb is moderately wounded. (Press . to maintain the ray.) Ijyb hits you with a +3 dagger of freezing.
Ijyb freezes you.
Without enough magic to sustain it, your searing ray dissipates.
The kobold hits you with a +0 dagger.
* * * LOW HITPOINT WARNING * * *
Ijyb hits you with a +3 dagger of freezing.
You die...

# .# .#
###.# (...
#.. #g# #@#
#.K...#
#.#.###
#..... #..
...
.........
#... .....
##.........


You could see Ijyb and a kobold.

Vanquished Creatures
  2 adders (D:2)
  A dart slug (D:1)
  A bat (D:2)
  An endoplasm (D:2)
  A giant cockroach (D:1)
  4 goblins (D:1)
  2 hobgoblins
  5 quokkas
  A ball python (D:1)
  2 rats
20 creatures vanquished.

Notes
Turn   | Place    | Note
-------+----------+-------------------------------------------
     0 | D:1      | porpoise the Octopode Conjurer began the quest for the Orb.
     0 | D:1      | Reached XP level 1. HP: 11/11 MP: 3/3
   355 | D:1      | Reached XP level 2. HP: 17/17 MP: 1/5
   401 | D:1      | Learned a level 2 spell: Searing Ray
   539 | D:1      | Found a faded altar of an unknown god.
  1132 | D:2      | Reached XP level 3. HP: 21/21 MP: 2/6
  1486 | D:3      | Noticed Ijyb
  1492 | D:3      | Slain by Ijyb

Illustrated notes

Levels and vault maps discovered:
D:1:      nzn_arrival_depleted_hourglass, layout_rooms,
          ebering_ecumenical_altar_abandoned
D:2:      layout_rooms
D:3:      cheibrodos_greedy_goblins, layout_loops_cross,
          nicolae_uskayaw_dance_hall, uniq_jessica, uniq_ijyb, uniq_terence,
          uniq_natasha

Skill      XL: |  1  2 |
---------------+-------+-----
Stealth        | 3 |  3.4
Dodging        | |  2.0
Spellcasting   | |  2.7
Conjurations   | |  4.5

Action                   || total
-------------------------++-------
Melee: Unarmed           ||     4
       Constrict         ||     2
       Dagger            ||     1
 Fire: Shortbow          ||     2
 Cast: Magic Dart        ||    34
       Searing Ray       ||     6
Dodge: Dodged            ||     4

Table legend: (Time is in decaauts)
 A = Elapsed time spent in this place.
 B = Non-inter-level travel time spent in this place.
 C = Inter-level travel time spent in this place.
 D = Time resting spent in this place.
 E = Time spent auto-exploring this place.
 F = Levels seen in this place.
 G = Mean time per level.
                   A        B        C        D        E       F      G
               +--------+--------+--------+--------+--------+-----+--------+
         Total |   1490 |   1440 |     50 |    574 |    713 |   3 |  496.7 |
       Dungeon |   1490 |   1440 |     50 |    574 |    713 |   3 |  496.7 |
               +--------+--------+--------+--------+--------+-----+--------+

Top non-repeatable levels by time:
     D:1: 785 daAuts
     D:2: 699 daAuts
     D:3: 5 daAuts
